 Dungeon Crawl Stone Soup version 0.22-a0-284-g99d1f74 (webtiles) character file.

63 galech the Covered (level 4, -1/35 HPs)
             Began as a Human Fighter on Mar 20, 2018.
             Slain by a worm (6 damage)
             ... on level 2 of the Dungeon.
             The game lasted 00:02:30 (1392 turns).

galech the Covered (Human Fighter)                  Turns: 1392, Time: 00:02:31

Health: -1/35      AC:  9    Str: 16    XL:     4   Next: 30%
Magic:  4/4        EV:  4    Int:  9    God:
Gold:   84         SH:  9    Dex: 13    Spells: 3/3 levels left

rFire    . . .     SeeInvis .   a - +0 war axe
rCold    . . .     Gourm    .   c - +0 shield
rNeg     . . .     Faith    .   i - +0 chain mail {MR+}
rPois    .         Spirit   .   (no helmet)
rElec    .         Reflect  .   (no cloak)
rCorr    .         Harm     .   (no gloves)
MR       +....                  (no boots)
Stlth    ..........             (no amulet)
HPRegen  0.11/turn              (no ring)
MPRegen  0.09/turn              (no ring)

@: no status effects
A: no striking features
a: no special abilities


You were on level 2 of the Dungeon.
You were not hungry.

You visited 1 branch of the dungeon, and saw 3 of its levels.

You collected 84 gold pieces.

Inventory:

Hand Weapons
 a - a +0 war axe (weapon)
Armour
 c - a +0 shield (worn)
 i - a +0 chain mail of magic resistance (worn)
Scrolls
 b - a scroll of remove curse {unknown}
 e - a scroll of teleportation {unknown}
 g - a scroll of identify {unknown}
 h - a scroll of magic mapping {unknown}
 k - 2 scrolls of amnesia {unknown}
Potions
 d - a potion of might
Comestibles
 f - 3 rations
 j - a chunk of flesh


   Skills:
 + Level 3.3 Fighting
 + Level 3.1 Axes
 + Level 3.5 Armour
 + Level 0.1 Dodging
 + Level 3.3 Shields


You had 3 spell levels left.
You didn't know any spells.

Dungeon Overview and Level Annotations

Branches:
Dungeon (3/15)

Altars:
Fedhas
The Shining One

Annotations:
D:3 galech's ghost, amateur HuFi


Message History

The frilled lizard barely misses you.
Your shield and chain mail prevent you from hitting the frilled lizard.
Your shield and chain mail prevent you from hitting the hobgoblin.
The frilled lizard bites you but does no damage.
The hobgoblin hits you but does no damage.
You block the frilled lizard's attack.
You slash the frilled lizard!
You kill the frilled lizard!
You closely miss the hobgoblin.
The hobgoblin hits you but does no damage. x2
You see here a club.
You slash the hobgoblin!
You kill the hobgoblin!
You see here a club.
A worm is nearby!
You see here a club.
You slash the worm!
The worm is almost dead.
The worm bites you.
You die...

... #. ... ..
..# #. #.#
#.##.# #..#.#
#.#.# #...#
##.@# . #.w#
....##).#
........>#
##.#..?.......w.
##.........?.
#.........##
#.........#
#.........#


You could see a worm.

Vanquished Creatures
  2 adders (D:2)
  A dart slug (D:1)
  A leopard gecko (D:2)
  3 orcs (D:3)
  4 giant cockroaches (D:1)
  7 hobgoblins
  4 kobolds (D:1)
  2 quokkas
  2 ball pythons (D:1)
  5 bats
  4 frilled lizards
  2 goblins (D:1)
  A rat (D:1)
38 creatures vanquished.

Notes
Turn   | Place    | Note
-------+----------+-------------------------------------------
     0 | D:1      | galech the Human Fighter began the quest for the Orb.
     0 | D:1      | Reached XP level 1. HP: 18/18 MP: 1/1
   177 | D:1      | Reached XP level 2. HP: 24/24 MP: 2/2
   598 | D:1      | Reached XP level 3. HP: 27/29 MP: 3/3
  1095 | D:2      | Reached XP level 4. HP: 23/35 MP: 4/4
  1235 | D:2      | Noticed an ogre
  1341 | D:3      | Found a glowing golden altar of the Shining One.
  1348 | D:3      | Noticed galech's ghost (amateur HuFi)
  1358 | D:3      | Found a blossoming altar of Fedhas.
  1392 | D:2      | Slain by a worm

Vault maps used:
D:1:      dpeg_arrival_long_road
D:3:      grunt_temple_overflow_growth_and_decay,
          grunt_temple_overflow_holy_war, first_ration, st_stairs_14,
          tso_metal_star, uniq_terence

Skill      XL: |  1  2  3  4 |
---------------+-------------+-----
Axes           | 3 |  3.1
Fighting       | |  3.3
Armour         | |  3.5
Dodging        | |  0.1
Shields        | |  3.3

Action                   |  1- 3 |  4- 6 || total
-------------------------+-------+-------++-------
Melee: War axe           |    92 |    28 ||   120
  Eat: Chunk             |     1 |     1 ||     2
Armor: Scale mail        |    24 |       ||    24
       Chain mail        |    31 |    18 ||    49
Dodge: Dodged            |    18 |     5 ||    23
Block: Shield            |    42 |    21 ||    63

Table legend:
 A = Spawn XP
 B = Non-spawn XP
 C = Spawn XP percentage of total XP
 D = Spawn monster count
 E = Non-spawn monster count
 F = Spawn count percentage of total count
 G = Total turns spent on level
                    A         B        C        D         E        F      G
               +---------+---------+-------+---------+---------+-------+---------
         Total |       0 |      90 |   0.0 |       0 |      38 |   0.0 |  1392
               +---------+---------+-------+---------+---------+-------+---------
           D:1 |       0 |      32 |   0.0 |       0 |      21 |   0.0 |  1023
           D:2 |       0 |      45 |   0.0 |       0 |      12 |   0.0 |   299
           D:3 |       0 |      13 |   0.0 |       0 |       5 |   0.0 |    70
               +---------+---------+-------+---------+---------+-------+---------
